 Dungeon Crawl Stone Soup version 0.28.0 (webtiles) character file.

Game seed: 8231280133930013543

119 SnakkuSnakku7 the Magician (level 5, -1/38 HPs)
             Began as a Djinni Gladiator on Feb 10, 2022.
             Slain by Edmund (8 damage)
             ... on level 4 of the Dungeon.
             The game lasted 00:02:20 (2176 turns).

SnakkuSnakku7 the Magician (Djinni Gladiator)       Turns: 2176, Time: 00:02:21

Health: -1/38      AC:  4    Str: 13    XL:     5   Next: 23%
Gold:   148        EV: 12    Int: 12    God:
                   SH:  0    Dex: 14

rFire   + + .      SeeInvis .   a - +0 quarterstaff
rCold   x . .      Faith    .   (shield currently unavailable)
rNeg    . . .      Spirit   .   b - +0 leather armour
rPois   ∞          Reflect  .   c - +0 helmet
rElec   .          Harm     .   (no cloak)
rCorr   .          Rampage  .   (no gloves)
Will    .....                   (boots unavailable)
Stlth   +.........              (no amulet)
HPRegen 0.12/turn               (no ring)
MPRegen 0.00/turn               (no ring)

@: flying
A: sickness immunity, fire resistance 2, cold vulnerability 1, float, innate
caster, HP casting, extra vitality 1
a: no special abilities


You were on level 4 of the Dungeon.
You visited 1 branch of the dungeon, and saw 4 of its levels.

You collected 148 gold pieces.

Inventory:

Hand Weapons
 a - a +0 quarterstaff (weapon)
Armour
 b - a +0 leather armour (worn)
 c - a +0 helmet (worn)
Scrolls
 f - a scroll of brand weapon {unknown}
 h - a scroll of teleportation {unknown}
 i - a scroll of identify {unknown}
 j - a scroll of enchant weapon {unknown}
 m - a scroll of vulnerability {unknown}
Potions
 e - 2 potions of heal wounds {unknown}
 g - a potion of might {unknown}
 k - a potion of berserk rage {unknown}
 l - a potion of ambrosia {unknown}
 n - a potion of attraction {unknown}


   Skills:
 - Level 2.0 Fighting
 - Level 2.6 Staves
 - Level 1.5 Throwing
 - Level 3.2 Dodging
 + Level 3.3 Spellcasting


You had 7 spell levels left.
You knew the following spells:

 Your Spells              Type           Power      Damage    Failure   Level
a - Apportation           Tloc           20%        N/A       8%          1
b - Corpse Rot            Necr/Air       20%        N/A       12%         2
Your spell library was empty.

Dungeon Overview and Level Annotations

Branches:
Dungeon (4/15)
 Temple: D:4-7

Altars:
Dithmenos
Hepliaklqana
Sif Muna

Annotations:
D:4 Edmund


Innate Abilities, Weirdness & Mutations

You are immune to sickness and miasma.
You are immune to poison.
Your flesh is very heat resistant. (rF++)
You are vulnerable to cold. (rC-)
You float through the air rather than walking.
You learn spells naturally, not from books.
Your magical power is your life essence.
You have superior vitality. (+4 MHP)


Message History

Edmund is lightly wounded.
Edmund struggles against the net.
You hit Edmund but do no damage.
Edmund is lightly wounded.
Edmund struggles against the net. x2
You hit Edmund but do no damage.
Edmund is lightly wounded.
Edmund struggles against the net.
The net rips apart, and Edmund comes free!
You hit Edmund.
Edmund is moderately wounded.
Edmund clears his throat.
Edmund hits you with a +3 flail of protection.
You hit Edmund but do no damage.
Edmund is moderately wounded.
Edmund barely misses you.
You barely miss Edmund.
Edmund is moderately wounded.
Edmund hits you with a +3 flail of protection.
You barely miss Edmund.
Edmund is moderately wounded.
Edmund hits you with a +3 flail of protection.
You hit Edmund.
Edmund is moderately wounded.
Edmund closely misses you.
Edmund hits you with a +3 flail of protection.
You barely miss Edmund.
Edmund is moderately wounded.
Edmund misses you.
You hit Edmund.
Edmund is moderately wounded.
Edmund hits you with a +3 flail of protection.
* * * LOW HITPOINT WARNING * * *
You hit Edmund but do no damage.
Edmund is moderately wounded.
Edmund barely misses you.
You closely miss Edmund.
Edmund is moderately wounded.
Edmund hits you with a +3 flail of protection!
You die...

#.............
.............
#............
#####..........#
................##
..................
...........@......
...≈..........@.....#
.≈≈≈.$<...........##
#................##
#...........######
##..........#
#.......(≈..#
#.......≈≈..#
#..<..≈≈.≈.##
#..........#


You could see Edmund.

Vanquished Creatures
  Terence (D:2)
  A gnoll (D:1)
  2 adders (D:2)
  An adder skeleton (D:4)
  A worm (D:2)
  3 dart slugs
  An orc (D:3)
  3 ball pythons
  9 endoplasms
  4 goblins
  7 hobgoblins
  A quokka (D:2)
  6 bats
  3 frilled lizards (D:1)
  3 kobolds
  7 rats
53 creatures vanquished.

Notes
Turn   | Place    | Note
-------+----------+-------------------------------------------
     0 | D:1      | SnakkuSnakku7 the Djinni Gladiator began the quest for the
                  | Orb.
     0 | D:1      | Reached XP level 1. HP: 18/18 MP: 0/0
    48 | D:1      | Reached skill level 1 in Spellcasting
    48 | D:1      | Reached XP level 2. HP: 23/23 MP: 0/0
   261 | D:1      | Found a faded altar of an unknown god.
   276 | D:1      | Reached XP level 3. HP: 28/28 MP: 0/0
   276 | D:1      | Learned a level 1 spell: Apportation
   915 | D:2      | Noticed Terence
   930 | D:2      | Killed Terence
   931 | D:2      | Reached XP level 4. HP: 5/33 MP: 0/0
  1420 | D:2      | Reached XP level 5. HP: 33/38 MP: 0/0
  1420 | D:2      | Learned a level 2 spell: Corpse Rot
  1960 | D:3      | Found a hazy altar of Hepliaklqana.
  1960 | D:3      | Found a shadowy altar of Dithmenos.
  2159 | D:4      | Noticed Edmund
  2176 | D:4      | Slain by Edmund

Illustrated notes

Levels and vault maps discovered:
D:1:      dpeg_arrival_windows_large_door, layout_loops_ring,
          shapermc_ecumenical_altar_ellora
D:2:      layout_basic, minivault_19, minivault_27, uniq_terence
D:3:      layout_basic, gammafunk_temple_overflow_claw, st_stairs_12
D:4:      layout_rooms, serial_rivers, chequers_serial_rivers_large_a,
          chequers_serial_rivers_micro_c, chequers_serial_rivers_room_b,
          chequers_serial_rivers_small_3, chequers_serial_rivers_small_b,
          chequers_serial_rivers_micro_e, portal_sewer_entry_b, uniq_edmund,
          uniq_blork_the_orc

Skill      XL: |  1  2  3  4 |
---------------+-------------+-----
Spellcasting   | 1 2 3 |  3.3
Fighting       | |  2.0
Staves         | |  2.6
Throwing       | |  1.5
Dodging        | |  3.2

Action                   |  1- 3 |  4- 6 || total
-------------------------+-------+-------++-------
Melee: Quarterstaff      |    67 |   105 ||   172
Throw: Throwing net      |     2 |     1 ||     3
 Stab: Sleeping          |       |     2 ||     2
Armor: Leather armour    |    18 |    32 ||    50
Dodge: Dodged            |    31 |    55 ||    86
